 Dungeon Crawl Stone Soup version 0.30.1-4-g462c640d31 (webtiles) character file.

Game seed: 15725816155864784320

125 Zeor the Shooter (level 4, -1/26 HPs)
             Began as a Deep Elf Hunter on Aug 14, 2023.
             Slain by Terence the iguana (2 damage)
             ... on level 2 of the Dungeon.
             The game lasted 00:05:47 (1464 turns).

Zeor the Shooter (Deep Elf Hunter)                  Turns: 1464, Time: 00:05:48

Health: -1/26      AC:  3    Str:  8    XL:     4   Next: 82%
Magic:  6/6        EV: 13    Int: 14    God:
Gold:   109        SH:  5    Dex: 20    Spells: 0/3 levels left

rFire   . . .        a - +0 shortbow
rCold   . . .        (shield currently unavailable)
rNeg    . . .        c - +0 leather armour
rPois   .            (no helmet)
rElec   .            (no cloak)
rCorr   .            (no gloves)
SInv    .            (no boots)
Will    .....        e - amulet of reflection
Stlth   ++           (no ring)
HPRegen 0.24/turn    (no ring)
MPRegen 0.10/turn

%: reflection
@: no status effects
A: no striking features
a: no special abilities


You were on level 2 of the Dungeon.
You visited 1 branch of the dungeon, and saw 4 of its levels.

You collected 109 gold pieces.

Inventory:

Hand Weapons
 a - a +0 shortbow (weapon)
 b - a +0 dagger of freezing
Armour
 c - a +0 leather armour (worn)
Jewellery
 e - an amulet of reflection (around neck)
 h - an amulet of faith
 i - an amulet of guardian spirit
Wands
 g - a wand of polymorph (14)
Scrolls
 f - a scroll of immolation
 o - a scroll of magic mapping {unknown}
Potions
 d - 2 potions of mutation
 j - a potion of lignification
 k - a potion of flight
 n - a potion of invisibility {unknown}


   Skills:
 * Level 2.0 Fighting
 + Level 7.3 Ranged Weapons
 + Level 0.5 Armour
 * Level 3.1 Dodging
 - Level 1.4 Stealth
 + Level 0.2 Shields


You couldn't memorise any spells.
You knew the following spells:

 Your Spells              Type           Power      Damage    Failure   Level
a - Portal Projectile     Hex/Tloc       0%         N/A       77%         3

Your spell library contained the following spells:

 Spells                   Type           Power      Damage    Failure   Level
 Tukima's Dance           Hex            0%         N/A       77%         3
 Blade Hands              Tmut           0%         N/A       100%        5
 Conjure Ball Lightning   Conj/Air       0%         3x3d6     100%        6
 Discord                  Hex            0%         N/A       100%        8
 Disjunction              Tloc           0%         N/A       100%        8


Dungeon Overview and Level Annotations

Branches:
Dungeon (4/15)
 Temple: D:4-7

Altars:
Okawaru

Annotations:
D:2 Terence


Message History

You shoot an arrow. The arrow barely misses Terence.
Terence zaps a wand.
The bolt of light misses you.
You shoot an arrow. The arrow hits Terence.
Terence is lightly wounded.
You block Terence's attack.
You shoot an arrow. The arrow completely misses Terence.
Terence completely misses you.
Terence zaps a wand.
The bolt of light hits you!
Ouch! That really hurt!
* * * LOW HITPOINT WARNING * * *
It was a potion of heal wounds.
You feel much better. Terence closely misses you.
Aiming: Polymorph
Press: ? - help, Shift-Dir - straight line, f/p - Terence
Aim: Terence, wielding a +0 flail, wearing a +0 chain mail and carrying a wand of light (3) (lightly wounded, will become an iguana, a gnoll, or an adder, chance to affect: 57%) Terence evaporates and reforms as an iguana!
You shoot an arrow.
The arrow hits Terence but does no damage.
You block Terence's attack. Terence bites you.
You shoot an arrow. The arrow barely misses Terence.
Terence bites you!
Ouch! That really hurt!
You are too injured to fight recklessly!
Fire: a) +0 shortbow
Press: ? - help, Q - select action, (/) - cycle Shift-Dir - straight line, f/p - Terence
Aim: Terence the iguana (69% to hit)
You shoot an arrow. The arrow hits Terence.
Terence is lightly wounded.
Terence completely misses you.
Fire: a) +0 shortbow
Press: ? - help, Q - select action, (/) - cycle Shift-Dir - straight line, f/p - Terence
Aim: Terence the iguana (lightly wounded, 69% to hit)
You shoot an arrow. The arrow hits Terence.
Terence is moderately wounded.
Terence bites you!
* * * LOW HITPOINT WARNING * * *
Fire: a) +0 shortbow
Press: ? - help, Q - select action, (/) - cycle Shift-Dir - straight line, f/p - Terence
Aim: Terence the iguana (moderately wounded, 69% to hit)
You shoot an arrow. The arrow barely misses Terence.
Terence bites you.
You die...

▒∙∙∙∙ ▒∙∙∙∙
∙∙∙∙∙▒▒▒▒▒▒▒
∙∙∙∙∙∙∙∙∙∙▒
∙▒▒∙∙∙∙∙∙∙∙▒
∙∙∙∙∙∙∙∙∙∙∙▒
▒∙∙∙∙∙l∙∙▒
■∙∙∙∙e∙∙∙▒
▒∙∙∙∙∙∙∙∙▒
▒∙∙∙!∙∙∙∙▒
▒∙∙∙∙∙∙∙∙▒
■∙∙∙∙∙∙∙∙∙▒
▒∙∙∙∙∙∙∙∙∙▒
▒∙▒■▒▒▒▒▒▒▒
▒∙


You could see Terence the iguana.

Vanquished Creatures
  Robin (D:2)
  2 adders (D:2)
  2 worms (D:1)
  A dart slug (D:1)
  2 ball pythons (D:1)
  6 endoplasms
  10 giant cockroaches
  12 goblins
  7 hobgoblins
  15 jackals
  5 bats
  2 frilled lizards
  5 kobolds
  4 rats (D:1)
74 creatures vanquished.

Notes
Turn   | Place    | Note
-------+----------+-------------------------------------------
     0 | D:1      | Zeor the Deep Elf Hunter began the quest for the Orb.
     0 | D:1      | Reached XP level 1. HP: 12/12 MP: 3/3
     1 | D:1      | Found a runed translucent door.
   211 | D:1      | Reached XP level 2. HP: 16/16 MP: 4/4
   299 | D:1      | Reached skill level 6 in Ranged Weapons
   461 | D:1      | Reached XP level 3. HP: 21/21 MP: 5/5
   590 | D:1      | Found a faded altar of an unknown god.
  1017 | D:2      | Reached XP level 4. HP: 26/26 MP: 6/6
  1020 | D:2      | Noticed Robin
  1163 | D:2      | Killed Robin
  1164 | D:2      | Reached skill level 7 in Ranged Weapons
  1348 | D:2      | Found an iron altar of Okawaru.
  1372 | D:2      | Learned a level 3 spell: Portal Projectile
  1374 | D:2      | You fall into a shaft and drop 2 floors!
  1447 | D:2      | Noticed Terence
  1459 | D:2      | Terence changed into Terence the iguana
  1459 | D:2      | Noticed Terence
  1463 | D:2      | HP: 1/26 [Terence the iguana (11)]
  1464 | D:2      | Slain by Terence the iguana

Illustrated notes

Levels and vault maps discovered:
D:1:      dpeg_arrival_caged_fury, layout_basic, shapermc_ecumenical_altar_venn
D:2:      layout_basic, basic_altar, uniq_robin, uniq_terence,
          uniq_crazy_yiuf_cottage
D:3:      layout_basic, zin_scriptorium
D:4:      layout_cave_pools, fedhas_altar_3, lemuel_tele_altar,
          hangedman_abyss_or_decor_slice, dreamdust_gnoll_farm, uniq_edmund

Skill      XL: |  1  2  3  4 |
---------------+-------------+-----
Ranged Weapons | 6 7 |  7.3
Dodging        | 3 |  3.1
Fighting       | 2 |  2.0
Armour         | |  0.5
Stealth        | |  1.4
Shields        | |  0.2

Action                     |  1- 3 |  4- 6 || total
---------------------------+-------+-------++-------
   Fire: Shortbow          |   134 |    78 ||   212
  Evoke: Wand              |       |     1 ||     1
    Use: Potion            |     3 |     4 ||     7
         Scroll            |     3 |     2 ||     5
 Armour: Leather armour    |    18 |     7 ||    25
         Skin              |    17 |       ||    17
  Dodge: Dodged            |    31 |    26 ||    57
  Block: Other             |    25 |     8 ||    33
